 Dungeon Crawl Stone Soup version 0.30.0-3-ga4e48a9924 (webtiles) character file.

Game seed: 11747361962745036763

92 jimonade the Slasher (level 4, -1/24 HPs)
             Began as a Vine Stalker Monk on May 7, 2023.
             Slain by an ogre
             ... wielding a +0 giant club
              (4 damage)
             ... on level 3 of the Dungeon.
             The game lasted 00:03:44 (1859 turns).

jimonade the Slasher (Vine Stalker Monk)            Turns: 1859, Time: 00:03:45

Health: -1/24      AC: 12    Str: 13    XL:     4   Next: 60%
Magic:  0/6        EV: 12    Int: 10    God:
Gold:   69         SH:  0    Dex: 19    Spells: 4/4 levels left

rFire   . . .        a - +0 dagger (protect)
rCold   . . .        d - orb {light}
rNeg    . . .        s - +0 ring mail
rPois   .            (no helmet)
rElec   .            (no cloak)
rCorr   .            (no gloves)
SInv    .            (no boots)
Will    .....        (no amulet)
Stlth   +            (no ring)
HPRegen 1.04/turn    (no ring)
MPRegen 0.10/turn

%: guardian spirit
@: under a protective aura, glowing
A: fangs 2, regeneration 1, magic shield, antimagic bite, no potion heal 2
a: no special abilities


You were on level 3 of the Dungeon.
You visited 1 branch of the dungeon, and saw 3 of its levels.

You collected 69 gold pieces.

Inventory:

Hand Weapons
 a - a +0 dagger of protection (weapon)
 g - a +0 falchion
Missiles
 l - 12 stones (quivered)
Armour
 b - a +0 robe
 d - an orb of light (worn)
 s - a +0 ring mail (worn)
Jewellery
 j - an amulet of faith
Scrolls
 e - a scroll of enchant armour {unknown}
 h - a scroll of identify {unknown}
 k - 2 scrolls of magic mapping {unknown}
 n - a scroll of vulnerability {unknown}
 o - 2 scrolls of teleportation {unknown}
Potions
 c - 2 potions of ambrosia
 f - a potion of lignification {unknown}
 m - a potion of heal wounds {unknown}
 p - a potion of curing {unknown}
 q - a potion of attraction {unknown}
 r - a potion of haste {unknown}


   Skills:
 + Level 3.1 Fighting
 + Level 1.1(2.3) Short Blades
 + Level 3.3(3.4) Long Blades
 + Level 3.2 Dodging
 * Level 0.8 Spellcasting


You had 4 spell levels left.
You didn't know any spells.
Your spell library contained the following spells:

 Spells                   Type           Power      Damage    Failure   Level
 Beastly Appendage        Tmut           0%         N/A       61%         1
 Wereblood                Tmut           0%         N/A       75%         2
 Gell's Gravitas          Tloc           0%         N/A       93%         3
 Inner Flame              Hex/Fire       0%         N/A       93%         3
 Spider Form              Tmut/Pois      0%         N/A       93%         3
 Teleport Other           Tloc           0%         N/A       93%         3
 Flame Wave               Conj/Fire      0%         2d4       100%        4
 Sticky Flame             Conj/Fire      0%         2d3       100%        4
 Dispersal                Tloc           0%         N/A       100%        6


Dungeon Overview and Level Annotations

Branches:
Dungeon (3/15)

Altars:


Innate Abilities, Weirdness & Mutations

You have extremely sharp teeth.
Your natural rate of healing is unusually fast.
When hurt, damage is shared between your health and your magic reserves.
Your bite disrupts and absorbs the magic of your enemies.
Potions cannot restore your health.


Message History

Unknown command.
Unknown command.
Done exploring.
There is an open door here.
You see here a +0 dagger.
There is a stone staircase leading down here.
You climb downwards.
Found a scale mail and an amethyst potion.
There is a stone staircase leading up here.
Throw: 3 darts (poison)
Press: ? - help, Q - select action, (/) - cycle Shift-Dir - straight line, f - ogre
Aim: an ogre, wielding a +0 giant club (76% to hit)
You throw a poisoned dart.
The poisoned dart barely misses the ogre.
Throw: 2 darts (poison)
Press: ? - help, Q - select action, (/) - cycle Shift-Dir - straight line, f/p - ogre
Aim: an ogre, wielding a +0 giant club (haloed, 93% to hit)
You throw a poisoned dart.
The poisoned dart completely misses the ogre.
Throw: dart (poison)
Press: ? - help, Q - select action, (/) - cycle Shift-Dir - straight line, f/p - ogre
Aim: an ogre, wielding a +0 giant club (haloed, 93% to hit)
You throw a poisoned dart. The poisoned dart hits the ogre.
You hit the ogre.
Your weapon exudes an aura of protection.
The ogre is lightly wounded.
You hit the ogre. You bite the ogre. You drain its power.
The ogre is moderately wounded.
The ogre hits you with a +0 giant club!!
Ouch! That really hurt!
* * * LOW HITPOINT WARNING * * *
You hit the ogre. You bite the ogre. You drain its power.
You feel invigorated.
The ogre is heavily wounded.
The ogre closely misses you.
You hit the ogre.
The ogre is heavily wounded.
You hit the ogre.
The ogre is severely wounded.
The ogre hits you with a +0 giant club!
You die...

##...##
##.....##
##...!.[.##
#......(..#
+......(..+
#......(..#
#.....O.#
#....@#
##...##
##+#


You could see an ogre.

Vanquished Creatures
  A hound (D:2)
  8 dart slugs (D:1)
  3 endoplasms
  2 giant cockroaches (D:2)
  6 goblins
  3 hobgoblins
  A jackal (D:1)
  2 kobolds
  4 quokkas
  3 ball pythons
  5 bats
  2 frilled lizards
  5 rats (D:1)
45 creatures vanquished.

Notes
Turn   | Place    | Note
-------+----------+-------------------------------------------
     0 | D:1      | jimonade the Vine Stalker Monk began the quest for the Orb.
     0 | D:1      | Reached XP level 1. HP: 11/11 MP: 2/2
   231 | D:1      | Reached XP level 2. HP: 16/16 MP: 3/3
   384 | D:1      | Reached XP level 3. HP: 3/20 MP: 1/4
  1156 | D:2      | Gained mutation: Your natural rate of healing is unusually
                  | fast. [Vine Stalker growth]
  1156 | D:2      | Reached XP level 4. HP: 24/24 MP: 3/5
  1216 | D:2      | Reached skill level 1 in Short Blades
  1509 | D:2      | Found a faded altar of an unknown god.
  1851 | D:3      | Noticed an ogre
  1856 | D:3      | HP: 1/24 [ogre/+0 giant club (23)]
  1859 | D:3      | Slain by an ogre

Illustrated notes

Levels and vault maps discovered:
D:1:      dpeg_arrival_arbitrary_b, layout_loops_ring, minmay_close_crescents
D:2:      layout_basic, dreamdust_ecumenical_altar_angels_and_demons
D:3:      layout_loops_corners, vehumet_statue, overflow_temple_1_default,
          kennysheep_generic_room_13, uniq_jessica, uniq_sigmund,
          uniq_crazy_yiuf_cottage

Skill      XL: |  1  2  3  4 |
---------------+-------------+-----
Long Blades    | 3 |  3.3
Fighting       | 3 |  3.1
Dodging        | 3 |  3.2
Short Blades   | 1 |  1.1
Spellcasting   | |  0.8

Action                     |  1- 3 |  4- 6 || total
---------------------------+-------+-------++-------
  Melee: Falchion          |    16 |       ||    16
         Bite              |    56 |    12 ||    68
         Dagger            |   116 |    27 ||   143
  Throw: Dart              |       |     3 ||     3
 Armour: Robe              |    35 |    10 ||    45
  Dodge: Dodged            |    83 |    18 ||   101
